 Dungeon Crawl Stone Soup version 0.25-a0-1079-g858b6a6 (webtiles) character file.

Game seed: 13410513936995907770, levelgen mode: deterministic

4861 Charmandara the Covert (level 10, -3/91 HPs)
             Began as a Halfling Assassin on May 15, 2020.
             Was a Priest of Hepliaklqana.
             Slain by a wraith (11 damage)
             ... on level 8 of the Dungeon.
             The game lasted 00:31:48 (8388 turns).

Charmandara the Covert (Halfling Assassin)          Turns: 8388, Time: 00:31:49

Health: -3/91      AC:  8    Str: 15    XL:     10   Next: 78%
Magic:  12/12      EV: 20    Int:  9    God:    Hepliaklqana [***...]
Gold:   439        SH:  0    Dex: 23    Spells: 9/9 levels left

rFire    . . .     SeeInvis .   a - +3 dagger (drain)
rCold    . . .     Gourm    .   (shield restricted)
rNeg     . . .     Faith    .   F - +3 leather armour {MR+}
rPois    .         Spirit   .   r - +0 helmet
rElec    .         Reflect  .   c - +0 cloak
rCorr    .         Harm     .   (no gloves)
MR       ++...                  (no boots)
Stlth    ..........             y - amulet of the acrobat
HPRegen  0.25/turn              o - ring of protection from magic {MR+, !d}
MPRegen  0.13/turn              x - +6 ring of dexterity

@: berserking, very slightly contaminated, slowed, invisible
A: small, reduced essence, mutation resistance 1
a: Recall Ancestor, Ancestor Identity, Transference, Renounce Religion


You were on level 8 of the Dungeon.
You worshipped Hepliaklqana.
Hepliaklqana was most pleased with you.
You were not hungry.

You visited 1 branch of the dungeon, and saw 8 of its levels.
You also visited: Bailey.

You collected 620 gold pieces.
You spent 181 gold pieces at shops.

Inventory:

Hand Weapons
 a - a +3 dagger of draining (weapon)
   (You found it on level 2 of the Dungeon)
 b - a +0 hunting sling
   (You found it on level 4 of the Dungeon)
 l - a +0 dagger
   (You took it off a kobold on level 7 of the Dungeon)
 n - a +0 falchion
   (You took it off Terence on level 2 of the Dungeon)
 E - a +2 dagger of pain
   (You took it off Ijyb on level 5 of the Dungeon)
Missiles
 e - 15 curare-tipped darts
 g - 29 poisoned darts (quivered)
 j - 323 stones
 k - 70 sling bullets
 u - 8 boomerangs
 D - 2 throwing nets {=f, !d}
 I - 2 silver boomerangs
Armour
 c - a +0 cloak (worn)
 r - a +0 helmet (worn)
   (You found it on level 3 of the Dungeon)
 F - a +3 leather armour of magic resistance (worn)
   (You took it off Ijyb on level 5 of the Dungeon)
Jewellery
 o - a ring of protection from magic (left hand) {MR+, !d}
   (You found it on level 2 of the Dungeon)
 x - a +6 ring of dexterity (right hand)
   (You found it on level 4 of the Dungeon)
 y - an amulet of the acrobat (around neck)
   (You found it on level 4 of the Dungeon)
Wands
 A - a wand of iceblast (1)
   (You found it on level 6 of the Dungeon)
Scrolls
 m - 6 scrolls of remove curse
 p - 2 scrolls of teleportation
 t - 2 scrolls of fear
 v - a scroll of amnesia
 H - 3 scrolls of identify
Potions
 i - 2 potions of curing
 q - 2 potions of invisibility
 w - a potion of resistance
 z - a potion of cancellation
 B - a potion of brilliance
 G - a potion of magic
Comestibles
 f - 20 rations


   Skills:
 + Level 5.7 Fighting
 - Level 2.4(6.5) Short Blades
 + Level 8.0(8.1) Long Blades
 + Level 8.2(8.5) Slings
 - Level 2.0(4.1) Throwing
 + Level 1.5 Armour
 + Level 6.3 Dodging
 - Level 9.0 Stealth
 - Level 3.0 Invocations
 - Level 2.2 Evocations


You had 9 spell levels left.
You didn't know any spells.
Your spell library was empty.

Dungeon Overview and Level Annotations

Branches:
Dungeon (8/15)             Temple (0/1) D:4            Lair (0/6) D:8
 Bailey (visited)

Altars:
Dithmenos
Elyvilon
Hepliaklqana
Okawaru
Vehumet
Xom

Shops:
D:6 *   D:7 *

Annotations:
D:8 1 runed translucent door


Innate Abilities, Weirdness & Mutations

You are small and have problems with some larger weapons.
You are somewhat resistant to further mutation.
Your life essence is reduced to manifest your ancestor. (-10% HP)


Message History

Your Armour skill increases to level 1!
You regained 26 hp, and now have 28/60 hp.
You barely miss the fire bat. The fire bat completely misses you.
The megabat hits Dad.
The fire bat completely misses you. The wraith closely misses you.
The fire bat bites Dad.
Dad is engulfed in flames.
Dad resists.
You hit the fire bat. The fire bat bites you.
You are engulfed in flames.
The megabat hits Dad but does no damage.
The fire bat bites you.
You are engulfed in flames!
* * * LOW HITPOINT WARNING * * *
The fire bat bites you but does no damage.
The megabat hits Dad but does no damage.
The wraith barely misses you.
Dad points at the megabat and mumbles some strange words.
The megabat struggles to resist.
You take 14 damage, and have 14/60 hp.
MASSIVE DAMAGE!!
You feel much better. The fire bat closely misses you. x2
The megabat hits you. The fire bat barely misses you. The fire bat bites you.
You are engulfed in flames!
The wraith misses you.
You regained 8 hp, and now have 22/60 hp.
Unknown command.
Okay, then.
You hit the fire bat. You drain the fire bat. The fire bat closely misses you.
The fire bat barely misses you.
The megabat hits Dad but does no damage.
The megabat completely misses Dad.
The wraith closely misses you.
Dad points at the megabat and mumbles some strange words.
The megabat struggles to resist.
Unknown command.
You puncture the fire bat!
You kill the fire bat!
The megabat hits Dad but does no damage.
The fire bat closely misses you.
The megabat hits Dad.
The megabat hits Dad but does no damage.
The wraith completely misses you.
Dad hits the megabat with a +0 dagger of draining!
The megabat dies!
MP restored: 12 Unknown command.
Really quaff
s - a potion of berserk rage {!q}?
A red film seems to cover your vision as you go berserk!
You feel yourself moving faster!
You feel mighty! The fire bat misses you.
A megabat comes into view.
The wraith misses you. The wraith hits you. The wraith drains your vigour!
You feel as though you will be slow longer.
Dad gestures at the wraith while chanting.
The wraith resists with almost no effort.
You now have 30/91 hp.
Unknown command.
You miss the fire bat. The fire bat closely misses you.
The megabat hits Dad but does no damage.
A megabat comes into view.
The fire bat bites Dad.
Dad is engulfed in flames.
Dad resists.
The wraith closely misses you.
You closely miss the fire bat.
The megabat hits Dad but does no damage.
The fire bat closely misses you.
The megabat hits Dad.
Dad casts a spell at the megabat.
The megabat appears confused.
The fire bat completely misses you.
Unknown command.
You puncture the fire bat!
The megabat barely misses the wraith.
The fire bat bites you but does no damage.
The megabat flutters around in erratic circles.
The wraith hits you!
* * * LOW HITPOINT WARNING * * *
Dad points at the megabat and mumbles some strange words.
The megabat struggles to resist.
You take 11 damage, and have 19/91 hp.
Unknown command.
You puncture the fire bat! You drain the fire bat.
You kill the fire bat!
Your Long Blades skill increases to level 8!
The megabat barely misses the wraith.
The wraith hits you but does no damage.
Unknown command.
You puncture the wraith!
The megabat hits the wraith but does no damage.
The megabat hits the megabat but does no damage.
Dad hits the megabat with a +0 dagger of draining.
The megabat dies!
You puncture the wraith!
The megabat hits Dad but does no damage.
The wraith hits you.
* * * LOW HITPOINT WARNING * * *
The megabat barely misses Dad.
Dad hits the wraith but does no damage.
You take 5 damage, and have 14/91 hp.
You puncture the wraith!
The megabat closely misses Dad.
The megabat barely misses Dad.
The wraith hits you!
* * * LOW HITPOINT WARNING * * *
You take 7 damage, and have 7/91 hp.
You closely miss the wraith.
The megabat hits Dad but does no damage.
Dad hits the wraith with a +0 dagger of draining.
The megabat barely misses Dad.
You hit the wraith.
The megabat hits Dad but does no damage.
The wraith hits you!
You die...

#.# ##..##b..../ .. #.#
+....bbb._.. . #.## ##.ยง##b.....
###t.# ##..###...# ...#.##
#...'#..###+###.
##.#..#####...###.........
##.##....##... ##b##8.8##+
.#.##.##.###. ##WR.##+##
...##.....#####.@...# #
...##...#....###...##
...##....###..###### ####
...##..P.P..#....##### #...
............P.##.....#########...
#....PP.PP......####.>......##...
.P..PP.P.P..P...P.###.#####.##...
...PPP.PP.PPPPP.P.###'### #.##...
.!PPP..P..PP.PPPP.P.....# #......


You could see the friendly Dad the hexer, a wraith and a megabat.

Vanquished Creatures
  An orc knight (Bailey)
  Sigmund (D:3)
  3 fire bats (D:8)
  A yak (D:8)
  A water moccasin (D:8)
  A porcupine (D:8)
  An ice beast (D:5)
  4 orc warriors (Bailey)
  5 ogres
  A sky beast (D:4)
  A centaur (D:5)
  A big kobold (D:7)
  A crocodile (D:8)
  3 bullfrogs
  2 scorpions
  3 killer bees (D:7)
  A howler monkey (D:5)
  A crimson imp (D:5)
  A bullfrog zombie (D:8)
  2 hounds
  2 bullfrog skeletons
  A centaur skeleton (D:7)
  A gnoll shaman (D:3)
  2 orc wizards
  2 iguanas
  3 worker ants
  Terence (D:2)
  2 hexers
  4 hound zombies
  10 gnolls
  7 adders
  2 shadow imps
  2 oozes
  An adder zombie (D:5)
  3 worms (D:4)
  3 dart slugs
  4 leopard geckos
  13 orcs
  10 bats
  3 giant cockroaches
  13 goblins
  19 hobgoblins
  7 jackals
  25 kobolds
  4 quokkas
  3 ball pythons
  3 frilled lizards
  A jackal zombie (D:7)
  2 quokka zombies (D:5)
  5 rats
193 creatures vanquished.

Vanquished Creatures (collateral kills)
  A wraith (D:8)
  A fire bat (D:8)
  A porcupine (D:8)
  A black bear (D:8)
  A phantom (D:4)
  An ogre (D:4)
  A killer bee (D:7)
  2 crimson imps (D:5)
  A jelly (D:7)
  An orc priest (D:5)
  A hound (D:7)
  Ijyb (D:5)
  2 worker ants (D:4)
  4 gnolls
  A worm (D:5)
  3 orcs
  2 jackals (D:5)
  4 kobolds (Bailey)
  3 bats (D:8)
32 creatures vanquished.

Vanquished Creatures (others)
  5 dream sheep (D:4)
  A black bear (D:8)
  A hexer (Bailey)
  2 ancestors (D:5)
  9 fungi (D:8)
  A plant (D:8)
19 creatures vanquished.

Grand Total: 244 creatures vanquished

Notes
Turn   | Place    | Note
-------+----------+-------------------------------------------
     0 | D:1      | Charmandara the Halfling Assassin began the quest for the
                  | Orb.
     0 | D:1      | Reached XP level 1. HP: 14/14 MP: 1/1
   208 | D:1      | Reached skill level 2 in Fighting
   208 | D:1      | Reached XP level 2. HP: 19/19 MP: 2/2
   496 | D:1      | Reached XP level 3. HP: 24/24 MP: 3/3
   565 | D:1      | Reached skill level 2 in Dodging
   954 | D:2      | Reached skill level 5 in Stealth
   954 | D:2      | Reached XP level 4. HP: 28/30 MP: 4/4
  1165 | D:2      | Noticed Terence
  1186 | D:2      | Killed Terence
  1193 | D:2      | Reached skill level 3 in Fighting
  1410 | D:2      | Reached XP level 5. HP: 36/36 MP: 5/5
  1800 | D:3      | Reached skill level 1 in Long Blades
  1816 | D:3      | Reached skill level 6 in Stealth
  2160 | D:3      | Noticed Sigmund
  2167 | D:3      | Killed Sigmund
  2167 | D:3      | Reached skill level 3 in Long Blades
  2167 | D:3      | Reached XP level 6. HP: 42/42 MP: 6/6
  3001 | D:4      | Reached skill level 7 in Stealth
  3001 | D:4      | Reached XP level 7. HP: 34/46 MP: 7/7
  3164 | D:4      | Found a hazy altar of Hepliaklqana.
  3213 | D:4      | Became a worshipper of Hepliaklqana the Forgotten
  3355 | D:4      | Reached skill level 4 in Long Blades
  3423 | D:4      | Noticed a dream sheep
  3423 | D:4      | Noticed a dream sheep
  3423 | D:4      | Noticed a dream sheep
  3423 | D:4      | Noticed a dream sheep
  3423 | D:4      | Noticed a dream sheep
  3423 | D:4      | Found a shimmering altar of Xom.
  3428 | D:4      | Killed a dream sheep
  3428 | D:4      | Killed a dream sheep
  3428 | D:4      | Killed a dream sheep
  3428 | D:4      | Killed a dream sheep
  3429 | D:4      | Killed a dream sheep
  3916 | D:4      | Reached skill level 8 in Stealth
  3916 | D:4      | Reached XP level 8. HP: 41/46 MP: 8/8
  4156 | D:4      | Found a staircase to the Ecumenical Temple.
  4271 | D:4      | Reached skill level 5 in Long Blades
  4460 | D:5      | Entered Level 5 of the Dungeon
  4564 | D:5      | Reached * piety under Hepliaklqana
  4662 | D:5      | HP: 10/46 [ice beast (14)]
  5025 | D:5      | Reached skill level 1 in Slings
  5046 | D:5      | Reached skill level 2 in Slings
  5046 | D:5      | Reached skill level 9 in Stealth
  5113 | D:5      | Found a white marble altar of Elyvilon.
  5182 | D:5      | Reached skill level 3 in Slings
  5256 | D:5      | Reached skill level 6 in Long Blades
  5301 | D:5      | Reached skill level 3 in Dodging
  5301 | D:5      | Reached XP level 9. HP: 38/51 MP: 9/9
  5579 | D:5      | Reached skill level 4 in Slings
  5617 | D:5      | Noticed Ijyb
  5628 | D:5      | Killed Ijyb
  5887 | D:6      | Reached ** piety under Hepliaklqana
  5888 | D:6      | Remembered your ancestor Dad as a hexer
  6001 | D:6      | Found a radiant altar of Vehumet.
  6019 | D:6      | Found an iron altar of Okawaru.
  6154 | D:6      | Found Xuogargho's Serpentskin Sales.
  6165 | D:6      | Bought 8 curare-tipped darts for 62 gold pieces
  6165 | D:6      | Bought 3 curare-tipped darts for 23 gold pieces
  6165 | D:6      | Bought 2 curare-tipped darts for 15 gold pieces
  6409 | D:7      | Found a shadowy altar of Dithmenos.
  6410 | D:7      | Found Purphojys's Assorted Antiques.
  6425 | D:7      | Reached skill level 1 in Evocations
  6437 | D:7      | Bought a scroll labeled QEAL BAOPSENE for 27 gold pieces
  6437 | D:7      | Bought a scroll labeled YLOLIN ODGHAMAH for 27 gold pieces
  6437 | D:7      | Bought a scroll labeled FIKUCO MUIWUV for 27 gold pieces
  6726 | D:7      | Found a white marble altar of Elyvilon.
  6751 | D:7      | Reached skill level 5 in Slings
  6861 | D:7      | Reached skill level 4 in Fighting
  6917 | D:7      | Reached skill level 4 in Dodging
  6921 | D:7      | Reached skill level 2 in Evocations
  7118 | D:7      | Reached *** piety under Hepliaklqana
  7341 | D:8      | Reached skill level 1 in Invocations
  7361 | D:8      | Reached skill level 6 in Slings
  7383 | D:8      | Reached skill level 7 in Long Blades
  7389 | D:8      | Found a staircase to the Lair.
  7458 | D:8      | Reached skill level 2 in Invocations
  7467 | D:8      | Reached XP level 10. HP: 56/58 MP: 11/11
  7503 | D:8      | Found a flagged portal.
  7509 | Bailey   | Entered a bailey
  7656 | Bailey   | Noticed an orc knight
  7669 | Bailey   | Reached skill level 5 in Dodging
  7669 | Bailey   | Reached skill level 3 in Invocations
  7674 | Bailey   | Killed an orc knight
  7674 | Bailey   | Reached skill level 5 in Fighting
  7674 | Bailey   | Reached skill level 7 in Slings
  8016 | D:8      | Reached skill level 6 in Dodging
  8240 | D:8      | Found a runed translucent door.
  8355 | D:8      | Found a shadowy altar of Dithmenos.
  8359 | D:8      | Reached skill level 8 in Slings
  8372 | D:8      | HP: 10/60 [fire bat (7)]
  8372 | D:8      | HP: 2/60 [wraith (8)]
  8373 | D:8      | Reached skill level 1 in Armour
  8382 | D:8      | HP: 19/91 [wraith (12)]
  8383 | D:8      | Reached skill level 8 in Long Blades
  8386 | D:8      | HP: 7/91 [wraith (7)]
  8388 | D:8      | Slain by a wraith

Illustrated notes

Levels and vault maps discovered:
D:1:      minmay_arrival_open_corners, layout_rooms, chequers_jeans
D:2:      layout_basic, first_ration, uniq_terence
D:3:      layout_basic, uniq_sigmund
D:4:      layout_basic, old_standard_altar, lemuel_temple_firewalk_a,
          kb_xom_exploding_sheep
D:5:      layout_basic, basic_altar, uniq_ijyb
D:6:      layout_rooms, okawaru_gym_becter, kennysheep_mini_moat,
          guppyfry_shop_venom
D:7:      layout_gridville, lemuel_round_altar, elyvilon_altar_3, serial_shops,
          nicolae_shop_competitors_out_of_business, grunt_ogre_cave
D:8:      due_megacathedral, layout_basic, due_lair_maze_entry_diamond,
          enter_bailey_3

Skill      XL: |  1  2  3  4  5  6  7  8  9 10 |
---------------+-------------------------------+-----
Fighting       | 2 3 4 5 |  5.7
Dodging        | 2 3 4 6 |  6.3
Stealth        | 5 6 7 8 9 |  9.0
Long Blades    | 3 4 6 7 8 |  8.0
Slings         | 3 6 8 |  8.2
Evocations     | 2 |  2.2
Invocations    | 2 3 |  3.0
Armour         | 1 |  1.5
Short Blades   | |  2.4
Throwing       | |  2.0

Action                   |  1- 3 |  4- 6 |  7- 9 | 10-12 || total
-------------------------+-------+-------+-------+-------++-------
Melee: Dagger            |    83 |   121 |   258 |   101 ||   563
 Fire: Hunting sling     |       |       |    16 |    44 ||    60
Throw: Dart              |    21 |    34 |    46 |    10 ||   111
       Stone             |       |     4 |       |       ||     4
       Throwing net      |       |     1 |       |       ||     1
       Boomerang         |       |       |    22 |       ||    22
Invok: Ancestor Identity |       |       |     2 |       ||     2
       Transference      |       |       |     1 |     1 ||     2
       Ancestor Life: He |       |       |     1 |       ||     1
Evoke: Wand              |       |       |     5 |     4 ||     9
  Use: Scroll            |       |     2 |    15 |       ||    17
       Potion            |       |       |     1 |     5 ||     6
 Stab: Sleeping          |       |     3 |    20 |     1 ||    24
       Distracted        |       |       |     5 |     2 ||     7
       Confused          |       |       |     2 |     1 ||     3
  Eat: Chunk             |       |     7 |    10 |     3 ||    20
       Ration            |       |       |     1 |       ||     1
Armor: Robe              |    20 |    12 |    16 |       ||    48
       Leather armour    |       |       |    10 |    35 ||    45
Dodge: Dodged            |    62 |    78 |   133 |   200 ||   473

Table legend:
 A = Non-vault XP
 B = Vault XP
 C = Vault XP percentage of total XP
 D = Non-vault monster count
 E = Vault monster count
 F = Vault count percentage of total count
                 A         B        C        D         E       F
            +---------+---------+-------+---------+---------+-------
      Total |    4218 |    2727 |  39.3 |     172 |      52 |  23.2
            +---------+---------+-------+---------+---------+-------
        D:1 |      56 |       0 |   0.0 |      31 |       0 |   0.0
        D:2 |      53 |      32 |  37.6 |      15 |       1 |   6.2
        D:3 |     169 |     208 |  55.2 |      20 |       1 |   4.8
        D:4 |     629 |       0 |   0.0 |      17 |       0 |   0.0
        D:5 |     905 |      36 |   3.8 |      30 |       1 |   3.2
        D:6 |     138 |      16 |  10.4 |       5 |       3 |  37.5
        D:7 |     938 |     121 |  11.4 |      32 |       1 |   3.0
        D:8 |    1330 |    1106 |  45.4 |      22 |      13 |  37.1
     Bailey |       0 |    1208 | 100.0 |       0 |      32 | 100.0
            +---------+---------+-------+---------+---------+-------

Levels and vault maps discovered:
D:1:      minmay_arrival_open_corners, layout_rooms, chequers_jeans
D:2:      layout_basic, first_ration, uniq_terence
D:3:      layout_basic, uniq_sigmund
D:4:      layout_basic, old_standard_altar, lemuel_temple_firewalk_a,
          kb_xom_exploding_sheep
D:5:      layout_basic, basic_altar, uniq_ijyb
D:6:      layout_rooms, okawaru_gym_becter, kennysheep_mini_moat,
          guppyfry_shop_venom
D:7:      layout_gridville, lemuel_round_altar, elyvilon_altar_3, serial_shops,
          nicolae_shop_competitors_out_of_business, grunt_ogre_cave
D:8:      due_megacathedral, layout_basic, due_lair_maze_entry_diamond,
          enter_bailey_3

Table legend:
 A = Turns spent in this place as a percentage of turns spent in the entire game.
 B = Non-inter-level travel turns spent in this place as a percentage of non-inter-level travel turns spent in the entire game.
 C = Inter-level travel turns spent in this place as a percentage of turns spent in this place.
 D = Turns resting spent in this place as a percentage of non-inter-level travel turns spent in this place.
 E = Turns spent auto-exploring this place as a percentage of non-inter-level travel turns spent in this place.
 F = Non-inter-level travel turns spent in this place divided by the number of levels of this place that you've seen.
                   A       B       C       D       E      F
               +-------+-------+-------+-------+-------+----------------------
         Total | 100.0 | 100.0 |   2.8 |  12.6 |  58.6 | 905.8
       Dungeon |  95.6 |  95.5 |   2.9 |  12.7 |  60.0 | 973.1
        Bailey |   4.4 |   4.5 |   0.0 |  10.4 |  28.9 | 367.0
               +-------+-------+-------+-------+-------+----------------------

Table legend:
 A = Kills in this place as a percentage of kills in entire the game.
 B = Kills by you in this place as a percentage of kills by you in the entire game.
 C = Kills by friends in this place as a percentage of kills by friends in the entire game.
 D = Other kills in this place as a percentage of other kills in the entire game.
 E = Experience gained in this place as a percentage of experience gained in the entire game.
 F = Experience gained in this place divided by the number of levels of this place that you have seen.
                   A       B       C       D       E      F
               +-------+-------+-------+-------+-------+----------------------
         Total | 100.0 | 100.0 | 100.0 | 100.0 | 100.0 | 771.7
       Dungeon |  85.7 |  86.2 |  87.5 |  50.0 |  82.6 | 717.1
        Bailey |  14.3 |  13.8 |  12.5 |  50.0 |  17.4 | 1208.0
               +-------+-------+-------+-------+-------+----------------------
